 Dungeon Crawl Stone Soup version 0.28-a0-268-g3f656e82c2 (webtiles) character file.

Game seed: 2814818063429011190

14 theanonym the Sneak (level 2, -1/24 HPs)
             Began as a Mummy Delver on Aug 28, 2021.
             Killed from afar by Ijyb (16 damage)
             ... with a puff of flame
             ... on level 4 of the Dungeon.
             The game lasted 00:01:16 (627 turns).

theanonym the Sneak (Mummy Delver)                   Turns: 627, Time: 00:01:17

Health: -1/24      AC:  3    Str: 15    XL:     2   Next: 31%
Magic:  2/2        EV: 11    Int:  9    God:
Gold:   31         SH:  0    Dex: 13    Spells: 1/1 levels left

rFire   x . .      SeeInvis .   a - +0 mace
rCold   + . .      Faith    .   (no shield)
rNeg    + + +      Spirit   .   b - +0 leather armour
rPois   ∞          Reflect  .   (no helmet)
rElec   .          Harm     .   (no cloak)
rCorr   .          Rampage  .   (no gloves)
Will    .....                   (no boots)
Stlth   ++........              (no amulet)
HPRegen 0.08/turn               (no ring)
MPRegen 0.08/turn               (no ring)

@: no status effects
A: cold resistance 1, negative energy resistance 3, torment resistance 2, heat
vulnerability 1, no potions
a: no special abilities


Innate Abilities, Weirdness & Mutations

You are immune to poison.
Your flesh is cold resistant. (rC+)
You are immune to negative energy. (rN+++)
You are immune to unholy pain and torment.
You are vulnerable to heat. (rF-)
You do not drink.


   Skills:
 + Level 3.2 Fighting
 * Level 2.1 Maces & Flails
 + Level 0.5 Armour
 - Level 1.5 Dodging
 - Level 4.1 Stealth


You had one spell level left.
You didn't know any spells.
Your spell library was empty.

Skill      XL: |  1 |
---------------+----+-----
Maces & Flails | 2 |  2.1
Fighting       | |  3.2
Armour         | |  0.5
Dodging        | |  1.5
Stealth        | |  4.1

Action                   || total
-------------------------++-------
Melee: Mace              ||    22
Throw: Throwing net      ||     1
  Use: Scroll            ||     1
Armor: Leather armour    ||     5
Dodge: Dodged            ||     9

Inventory:

Hand Weapons
 a - a +0 mace (weapon)
Armour
 b - a +0 leather armour (worn)
Wands
 c - a wand of digging (3)
Scrolls
 f - a scroll of fog
 y - a scroll of magic mapping


You were on level 4 of the Dungeon.
You visited 2 branches of the dungeon, and saw 3 of its levels.

You collected 31 gold pieces.

Dungeon Overview and Level Annotations

Branches:
Dungeon (5/15)             Temple (1/1) D:5

Altars:
Cheibriados
Dithmenos
Hepliaklqana
Kikubaaqudgha
Makhleb
Okawaru
Ru
Sif Muna
Trog
Uskayaw
Wu Jian
Xom
Yredelemnul
The Shining One

Annotations:
D:4 Ijyb
D:5 exclusion: centaur

. ######## ..#####
#......#
.......##....).#
..$.....#......#
+......#......#
#.....@#......#
.........g.....+
...#.........>.# .
+...............#
#.....######......
####### ......
...... ......
.K...


You could see Ijyb.

Notes
Turn   | Place    | Note
-------+----------+-------------------------------------------
     0 | D:5      | theanonym the Mummy Delver began the quest for the Orb.
     0 | D:5      | Reached XP level 1. HP: 18/18 MP: 1/1
     4 | D:5      | Found a staircase to the Ecumenical Temple.
    16 | D:5      | Noticed a centaur
    19 | Temple   | Entered the Ecumenical Temple
   269 | D:5      | Found a sacrificial altar of Ru.
   321 | D:5      | Reached skill level 2 in Maces & Flails
   321 | D:5      | Reached XP level 2. HP: 14/24 MP: 2/2
   448 | D:4      | HP: 12/24 [orc (4)]
   451 | D:5      | HP: 3/24 [orc (3)]
   560 | D:4      | HP: 10/24 [kobold (2)]
   616 | D:4      | Noticed Ijyb
   627 | D:4      | Killed from afar by Ijyb

Vanquished Creatures
  An ufetubus (D:5)
  An adder zombie (D:5)
  2 orcs (D:5)
  A kobold (D:4)
5 creatures vanquished.

Vanquished Creatures (others)
  4 toadstools (D:5)
4 creatures vanquished.

Grand Total: 9 creatures vanquished

Table legend: (Time is in decaauts)
 A = Elapsed time spent in this place.
 B = Non-inter-level travel time spent in this place.
 C = Inter-level travel time spent in this place.
 D = Time resting spent in this place.
 E = Time spent auto-exploring this place.
 F = Levels seen in this place.
 G = Mean time per level.
                   A        B        C        D        E       F      G
               +--------+--------+--------+--------+--------+-----+--------+
         Total |    643 |    621 |     22 |    257 |    269 |   3 |  214.3 |
       Dungeon |    411 |    399 |     12 |    257 |     49 |   2 |  205.5 |
        Temple |    231 |    221 |     10 |      0 |    220 |   1 |  231.0 |
               +--------+--------+--------+--------+--------+-----+--------+

Top non-repeatable levels by time:
     D:5: 238 daAuts
  Temple: 231 daAuts
     D:4: 173 daAuts
